 Dungeon Crawl Stone Soup version 0.32-a0-450-g080537f31e (webtiles) character file.

Game seed: 382967190415548238

49 anacleto the Digger (level 3, -10/19 HPs)
             Began as a Deep Elf Earth Elementalist on Feb 23, 2024.
             Mangled by Crazy Yiuf
             ... wielding a +2 quarterstaff of chaos
              (14 damage)
             ... on level 2 of the Dungeon.
             The game lasted 00:03:28 (1883 turns).

anacleto the Digger (Deep Elf Earth Elementalist)   Turns: 1883, Time: 00:03:29

Health: -10/19     AC:  6    Str:  5    XL:     3   Next: 51%
Magic:  15/18      EV: 13    Int: 21    God:
Gold:   110        SH:  0    Dex: 15    Spells: 2/8 levels left

rFire   . . .        (no weapon)
rCold   . . .        (no shield)
rNeg    . . .        a - +0 robe
rPois   .            (no helmet)
rElec   .            (no cloak)
rCorr   .            (no gloves)
SInv    .            (no boots)
Will    .....        (no amulet)
Stlth   ++           h - +4 ring of protection
HPRegen 0.23/turn    c - ring of magical power
MPRegen 0.16/turn

%: no passive effects
@: no status effects
A: no striking features
a: no special abilities


You were on level 2 of the Dungeon.
You visited 1 branch of the dungeon, and saw 2 of its levels.

You collected 110 gold pieces.

Inventory:

Armour
 a - a +0 robe (worn)
Jewellery
 c - a ring of magical power (right hand)
 h - a +4 ring of protection (left hand)
Scrolls
 e - a scroll of silence {unknown}
 f - a scroll of identify {unknown}
 i - a scroll of teleportation {unknown}
Potions
 b - a potion of magic
 d - 2 potions of cancellation {unknown}
 g - 2 potions of brilliance {unknown}
 j - a potion of might {unknown}
 k - a potion of degeneration {unknown}


   Skills:
 + Level 2.9 Dodging
 + Level 3.0 Stealth
 + Level 3.3 Spellcasting
 * Level 2.1 Conjurations
 + Level 0.0 Translocations
 * Level 3.8 Earth Magic


You had 2 spell levels left.
You knew the following spells:

 Your Spells              Type           Power      Damage    Failure   Level
a - Sandblast             Erth           38%        2d10      2%          1
b - Passwall              Erth           19%        N/A       8%          3
c - Blink                 Tloc           6%         N/A       19%         2

Your spell library contained the following spells:

 Spells                   Type           Power      Damage    Failure   Level
 Momentum Strike          Conj/Tloc      16%        3d8       12%         2
 Lesser Beckoning         Tloc           6%         N/A       19%         2
 Stone Arrow              Conj/Erth      32%        3d9       11%         3
 Brom's Barrelling Bould  Conj/Erth      16%        2d4       36%         4
 Petrify                  Alch/Erth      11%        N/A       50%         4


Dungeon Overview and Level Annotations

Branches:
Dungeon (2/15)

Altars:

Shops:
D:2 :

Annotations:
D:2 Crazy Yiuf


Message History

The frilled lizard hisses angrily.
Aiming: Sandblast (safe; 2% risk of failure)
Press: ? - help, Q - select action, (/) - cycle Shift-Dir - straight line, f - frilled lizard
Aim: a frilled lizard (70% to hit)
The blast of sand hits the frilled lizard!
You kill the frilled lizard!
A rat comes into view.
The rat squeaks loudly.
Aiming: Sandblast (safe; 2% risk of failure)
Press: ? - help, Q - select action, (/) - cycle Shift-Dir - straight line, f - rat
Aim: a rat (82% to hit)
The blast of sand hits the rat!
You kill the rat!
Found a hammer.
Found a runed translucent door.
Crazy Yiuf shouts!
Crazy Yiuf grits, "Ghoul tired foot!"
You open the door.
Aiming: Sandblast (safe; 2% risk of failure)
Press: ? - help, Q - select action, (/) - cycle Shift-Dir - straight line, f - Crazy Yiuf
Aim: Crazy Yiuf, wielding a +2 quarterstaff of chaos and wearing a +1 cloak (wandering, hasn't noticed you, 84% to hit)
The blast of sand misses Crazy Yiuf.
Crazy Yiuf shouts!
Crazy Yiuf cries, "You leg down broken song, no?"
Aiming: Sandblast (safe; 2% risk of failure)
Press: ? - help, Q - select action, (/) - cycle Shift-Dir - straight line, f/p - Crazy Yiuf
Aim: Crazy Yiuf, wielding a +2 quarterstaff of chaos and wearing a +1 cloak (84% to hit)
The blast of sand hits Crazy Yiuf.
Crazy Yiuf is moderately wounded.
Aiming: Sandblast (safe; 2% risk of failure)
Press: ? - help, Q - select action, (/) - cycle Shift-Dir - straight line, f/p - Crazy Yiuf
Aim: Crazy Yiuf, wielding a +2 quarterstaff of chaos and wearing a +1 cloak (moderately wounded, 84% to hit)
The blast of sand hits Crazy Yiuf but does no damage.
Crazy Yiuf is moderately wounded.
Crazy Yiuf hits you with a +2 quarterstaff of chaos!
Ouch! That really hurt!
Crazy Yiuf burns you.
* * * LOW HITPOINT WARNING * * *
Crazy Yiuf hits you with a +2 quarterstaff of chaos!
Ouch! That really hurt!
You die...

.####................######
#..........###########.†..#
##### #####.###..# ####.#
#.... #......# #####
#.###.... #.###..# #)..#
#..##.... #......# #...#
#####....... #.####.# ...
#........... #.# #.# #g#
#####....... #.####.# ♣@♣♣
#.# #.#.###. #######....#
♣♣.♣ #.# #.#..##.
...........# ♣.♣♣
#.###.##.##. ......†....#
♣♣.♣ #.....##....
...........# ♣♣.♣♣
#.###.#####. ..........[#
♣♣...♣ #.# ### #.
...........# ♣....♣ #.####
## ...........# #+..+#
#....# ........####
#....#####..#


You could see Crazy Yiuf.

Vanquished Creatures
  A gnoll (D:1)
  2 adders (D:2)
  3 ball pythons
  A bat (D:2)
  4 endoplasms
  2 hobgoblins
  A quokka (D:1)
  3 frilled lizards (D:2)
  2 kobolds
  3 rats (D:2)
22 creatures vanquished.

Notes
Turn   | Place    | Note
-------+----------+-------------------------------------------
     0 | D:1      | anacleto the Deep Elf Earth Elementalist began the quest
                  | for the Orb.
     0 | D:1      | Reached XP level 1. HP: 10/10 MP: 6/6
    65 | D:1      | Found a faded altar of an unknown god.
   609 | D:1      | Reached XP level 2. HP: 15/15 MP: 5/8
  1057 | D:2      | Reached XP level 3. HP: 18/19 MP: 0/9
  1138 | D:2      | Learned a level 3 spell: Passwall
  1254 | D:2      | Found Isuucwic's Book Emporium.
  1590 | D:2      | Learned a level 2 spell: Blink
  1663 | D:2      | Found a runed translucent door.
  1664 | D:2      | Noticed Crazy Yiuf
  1883 | D:2      | Mangled by Crazy Yiuf

Illustrated notes

Levels and vault maps discovered:
D:1:      roadster_arrival_rocket_small, layout_loops_corners,
          hellmonk_ecumenical_altar_inner_sanctum, nicolae_grassy_gnolls
D:2:      layout_basic, serial_shops, shop, uniq_crazy_yiuf_cottage

Skill      XL: |  1  2  3 |
---------------+----------+-----
Conjurations   | 2 |  2.1
Stealth        | 3 |  3.0
Dodging        | |  2.9
Spellcasting   | |  3.3
Earth Magic    | |  3.8

Action                     || total
---------------------------++-------
   Cast: Sandblast         ||    40
 Armour: Robe              ||     9
  Dodge: Dodged            ||    12

Table legend: (Time is in decaauts)
 A = Elapsed time spent in this place.
 B = Non-inter-level travel time spent in this place.
 C = Inter-level travel time spent in this place.
 D = Time resting spent in this place.
 E = Time spent auto-exploring this place.
 F = Levels seen in this place.
 G = Mean time per level.
                   A        B        C        D        E       F      G
               +--------+--------+--------+--------+--------+-----+--------+
         Total |   1901 |   1891 |     10 |    132 |   1601 |   2 |  950.5 |
       Dungeon |   1901 |   1891 |     10 |    132 |   1601 |   2 |  950.5 |
               +--------+--------+--------+--------+--------+-----+--------+

Top non-repeatable levels by time:
     D:1: 974 daAuts
     D:2: 927 daAuts
